 Dungeon Crawl Stone Soup version 0.20-a0-731-gecde0bf (webtiles) character file.

166 graki42 the Chopper (level 5, -1/45 HPs)
             Began as a Hill Orc Gladiator on Feb 22, 2017.
             Slain by Yehuk's ghost (8 damage)
             ... on level 3 of the Dungeon.
             The game lasted 00:04:53 (1914 turns).

graki42 the Chopper (Hill Orc Gladiator)            Turns: 1914, Time: 00:04:53

Health: -1/45      AC: 10    Str: 13    XL:     5   Next: 47%
Magic:  5/5        EV:  6    Int:  8    God:
Gold:   129        SH:  0    Dex: 12    Spells: 4/4 levels left

rFire    . . .     SeeInvis +   a - +0 war axe
rCold    . . .     Gourm    .   i - +0 chain mail
rNeg     + + +     Faith    .   (no shield)
rPois    +         Spirit   .   g - +1 helmet of the World {rPois rN+++ Str-5 SInv}
rElec    .         Reflect  .   (no cloak)
rCorr    .         Harm     .   (no gloves)
MR       .....                  (no boots)
Stlth    ..........             (no amulet)
Regen    0.2/turn               (no ring)
MPRegen  0.1/turn               (no ring)

@: no status effects
A: no striking features
a: no special abilities


You were on level 3 of the Dungeon.
You were not hungry.

You visited 1 branch of the dungeon, and saw 3 of its levels.

You collected 129 gold pieces.

Inventory:

Hand Weapons
 a - a +0 war axe (weapon)
Missiles
 d - 3 throwing nets (quivered)
Armour
 c - a +0 helmet
 g - the +1 helmet of the World (worn) {rPois rN+++ Str-5 SInv}
   (You took it off Robin on level 2 of the Dungeon)

   It affects your strength (-5).
   It protects you from poison.
   It renders you almost immune to negative energy.
   It lets you see invisible.
 i - a +0 chain mail (worn)
Scrolls
 e - a scroll of teleportation
Potions
 b - a potion of brilliance
 j - a potion of degeneration {unknown}
Comestibles
 f - 2 bread rations
 h - a chunk of flesh


   Skills:
 + Level 3.3 Fighting
 + Level 5.8 Axes
 + Level 2.0 Throwing
 + Level 2.1 Armour
 + Level 3.1 Dodging
 + Level 0.5 Stealth


You had 4 spell levels left.
You didn't know any spells.

Dungeon Overview and Level Annotations

Branches:
Dungeon (3/15)

Altars:
Ashenzari
The Shining One

Annotations:
D:3 Yehuk's ghost, weakling DDFi


Message History

Yehuk's ghost hits you but does no damage.
You hit Yehuk's ghost but do no damage. Yehuk's ghost hits you! x2
You hit Yehuk's ghost.
Yehuk's ghost is lightly damaged.
Yehuk's ghost hits you.
You hit Yehuk's ghost.
Yehuk's ghost is moderately damaged.
Yehuk's ghost hits you!
* * * LOW HITPOINT WARNING * * *
You slash Yehuk's ghost!
Yehuk's ghost is heavily damaged.
Yehuk's ghost hits you.
* * * LOW HITPOINT WARNING * * *
Yehuk's ghost screams, "Very impressive.
But it won't help.
Nothing will."
Yehuk's ghost hits you.
* * * LOW HITPOINT WARNING * * *
You see here a leopard gecko corpse.
There is a stone staircase leading up here.
Yehuk's ghost hits you!
You die...

#...## # #..
#....##.# #..
..# #..#... #.#
#.####....##.#
#.#
#.....)..>....
#.# #.# #)# #.#
#.# #.# #.# #.#
#.#
#.###.####@#
####.....†..W.#
#........######
#.######## #.#
####.# .....#
.##### .#


You could see Yehuk's ghost.

Vanquished Creatures
  An orc priest (D:3)
  An orc wizard (D:3)
  Robin (D:2)
  A worm (D:2)
  3 dart slugs
  5 leopard geckos
  3 orcs (D:3)
  3 giant cockroaches
  12 goblins
  13 hobgoblins
  8 jackals
  9 kobolds
  5 bats
  4 frilled lizards
  6 rats
75 creatures vanquished.

Notes
Turn   | Place    | Note
-------+----------+-------------------------------------------
     0 | D:1      | graki42 the Hill Orc Gladiator began the quest for the Orb.
     0 | D:1      | Reached XP level 1. HP: 18/18 MP: 1/1
    83 | D:1      | Reached XP level 2. HP: 25/25 MP: 2/2
   302 | D:1      | Reached XP level 3. HP: 30/30 MP: 3/3
   625 | D:1      | Found a glowing golden altar of the Shining One.
   960 | D:2      | Found a shattered altar of Ashenzari.
  1003 | D:2      | Reached skill level 1 in Armour
  1036 | D:2      | Reached XP level 4. HP: 26/37 MP: 4/4
  1153 | D:2      | Noticed Robin
  1157 | D:2      | Reached skill level 5 in Axes
  1737 | D:2      | Killed Robin
  1739 | D:2      | Got a dazzling helmet
  1750 | D:2      | Identified the +1 helmet of the World {rPois rN+++ Str-5 SInv} (You took it off Robin on level 2 of the Dungeon)
  1828 | D:3      | Reached XP level 5. HP: 32/45 MP: 5/5
  1878 | D:3      | Noticed Yehuk's ghost (weakling DDFi)
  1914 | D:3      | Slain by Yehuk's ghost

Vault maps used:
D:1:      doesnt_arrival_eight_statues, serial_park_tiny_2, tso_altar
D:2:      kennysheep_big_flooded_room, evilmike_ruin_ashenzari, uniq_robin
D:3:      yredelemnul_altar_generic, uniq_natasha

Skill      XL: |  1  2  3  4  5 |
---------------+----------------+-----
Throwing       | 2 |  2.0
Dodging        | 3 |  3.1
Armour         | 1 2 |  2.1
Axes           | 5 |  5.8
Fighting       | 3 |  3.3
Stealth        | |  0.5

Action                   |  1- 3 |  4- 6 || total
-------------------------+-------+-------++-------
Melee: War axe           |   125 |    83 ||   208
  Use: Potion            |       |     3 ||     3
       Scroll            |       |     1 ||     1
 Stab: Sleeping          |     1 |       ||     1
  Eat: Chunk             |     1 |     3 ||     4
Armor: Leather armour    |    15 |       ||    15
       Chain mail        |    52 |    64 ||   116
Dodge: Dodged            |    85 |    38 ||   123
